 Dungeon Crawl Stone Soup version 0.23-a0-402-g64599a10a2 (webtiles) character file.

219 Holzbalken the Cudgeler (level 5, -1/38 HPs)
             Began as a Demonspawn Gladiator on Nov 4, 2018.
             Killed from afar by an orc wizard (7 damage)
             ... with a puff of flame
             ... on level 4 of the Dungeon.
             The game lasted 00:07:49 (3332 turns).

Holzbalken the Cudgeler (Demonspawn Gladiator)      Turns: 3332, Time: 00:07:50

Health: -1/38      AC:  6    Str: 16    XL:     5   Next: 63%
Magic:  5/5        EV: 13    Int:  9    God:
Gold:   143        SH:  0    Dex: 14    Spells: 4/4 levels left

rFire    . . .     SeeInvis .   a - +1 flail
rCold    + . .     Gourm    .   (no shield)
rNeg     . . .     Faith    .   b - +0 leather armour
rPois    .         Spirit   .   c - +1 helmet
rElec    .         Reflect  .   (no cloak)
rCorr    .         Harm     .   e - +0 pair of gloves (curse)
MR       .....                  (no boots)
Stlth    ..........             h - amulet of inaccuracy (curse)
HPRegen  0.12/turn              q - ring of flight
MPRegen  0.09/turn              r - ring of attention (curse)

@: no status effects
A: cold resistance 1, powered by death 1, freezing cloud immunity, sturdy frame
1
a: Evoke Flight


You were on level 4 of the Dungeon.
You were near starving.

You visited 1 branch of the dungeon, and saw 4 of its levels.

You collected 143 gold pieces.

Inventory:

Hand Weapons
 a - a +1 flail (weapon)
Missiles
 d - 3 throwing nets (quivered)
Armour
 b - a +0 leather armour (worn)
 c - a +1 helmet (worn)
 e - a cursed +0 pair of gloves (worn)
Jewellery
 h - a cursed amulet of inaccuracy (around neck)
 q - a ring of flight (left hand)
 r - a cursed ring of attention (right hand)
Wands
 j - a wand of enslavement (7)
 n - a wand of random effects (12)
Scrolls
 k - a scroll of enchant weapon
Potions
 g - 4 potions of heal wounds
 i - 2 potions of magic {unknown}
 l - 2 potions of curing
 m - a potion of resistance {unknown}
 p - a potion of mutation {unknown}
Comestibles
 f - 3 rations
 o - 2 chunks of flesh


   Skills:
 - Level 2.0 Fighting
 + Level 5.9 Maces & Flails
 - Level 1.7 Throwing
 - Level 2.6 Dodging


You had 4 spell levels left.
You didn't know any spells.
Your spell library was empty.

Dungeon Overview and Level Annotations

Branches:
Dungeon (4/15)             Temple (0/1) D:4

Altars:
Kikubaaqudgha
Uskayaw


Innate Abilities, Weirdness & Mutations

Your flesh is cold resistant. (rC+)
You regenerate a little health from kills.
You are immune to freezing clouds.
Your movements are slightly less encumbered by armour. (ER -2)


Message History

You thump the orc priest!
You kill the orc priest!
The orc hits you with a +0 dagger. The orc hits you but does no damage.
You hit the orc but do no damage.
The orc wizard hits you but does no damage.
The orc hits you with a +1 whip of electrocution.
The orc closely misses you. x2
The orc wizard points at you and mumbles some strange words.
The puff of flame misses you. The puff of flame hits you!
You barely miss the orc. The orc hits you but does no damage.
You are electrocuted!
Ouch! That really hurt!
* * * LOW HITPOINT WARNING * * *
The orc hits you but does no damage. x2; The orc wizard misses you.
You miss the orc. The orc hits you but does no damage.
The orc barely misses you. The orc hits you with a +0 hand axe.
* * * LOW HITPOINT WARNING * * *
The orc wizard gestures at you while chanting.
The puff of flame misses you. The puff of flame hits you!
You die...

... #.... ..# #....
# ####......#
#..#..
#.............##.
### #..o#.#....
...# ## ..#.#.#..#
##..# #.
#J#.#.#.###...#
###.
#ooo#...##...###..#
#@#.#..#.###....##
#o#.#....## ##.###
..#.#....## ###
...........#
#.#####..##..# #
#..#####..# #.# #.#
... .# ... #


You could see an orc wizard, an ooze and 3 orcs.

Vanquished Creatures
  An orc priest (D:4)
  Ijyb (D:4)
  An iguana (D:4)
  4 adders (D:2)
  3 oozes
  4 worms
  3 dart slugs
  2 leopard geckos (D:1)
  8 orcs (D:3)
  9 bats
  5 giant cockroaches
  3 goblins
  5 hobgoblins
  3 jackals (D:2)
  2 frilled lizards (D:2)
  10 kobolds
  4 rats
68 creatures vanquished.

Notes
Turn   | Place    | Note
-------+----------+-------------------------------------------
     0 | D:1      | Holzbalken the Demonspawn Gladiator began the quest for the
                  | Orb.
     0 | D:1      | Reached XP level 1. HP: 16/16 MP: 1/1
    56 | D:1      | Reached skill level 3 in Maces & Flails
   157 | D:1      | Gained mutation: Your movements are slightly less
                  | encumbered by armour. (ER -2) [demonic ancestry]
   157 | D:1      | Reached XP level 2. HP: 19/22 MP: 2/2
   689 | D:2      | Found a faded altar of an unknown god.
   935 | D:2      | Gained mutation: Your flesh is cold resistant. (rC+)
                  | [demonic ancestry]
   935 | D:2      | Reached XP level 3. HP: 17/27 MP: 3/3
  1074 | D:2      | Reached skill level 4 in Maces & Flails
  1600 | D:2      | Gained mutation: You regenerate a little health from kills.
                  | [demonic ancestry]
  1600 | D:2      | Reached XP level 4. HP: 33/33 MP: 4/4
  1741 | D:2      | Noticed a dagger
  1743 | D:2      | Noticed a hand axe
  1744 | D:2      | Found a hide-covered altar of Uskayaw.
  1796 | D:2      | Found an ancient bone altar of Kikubaaqudgha.
  2346 | D:3      | Reached skill level 5 in Maces & Flails
  3062 | D:4      | Gained mutation: You are immune to freezing clouds.
                  | [demonic ancestry]
  3062 | D:4      | Reached XP level 5. HP: 16/38 MP: 5/5
  3223 | D:4      | Noticed Ijyb
  3244 | D:4      | Killed Ijyb
  3321 | D:4      | Found a staircase to the Ecumenical Temple.
  3332 | D:4      | Killed from afar by an orc wizard

Vault maps used:
D:1:      denvon_arrival_waterhouse
D:2:      lemuel_round_altar, dancing_weapons_uskayaw,
          chequers_ecumenical_altar_island
D:3:      chequers_serial_rivers_room_b
D:4:      kennysheep_mini, minmay_temple_entry_grid, uniq_ijyb

Skill      XL: |  1  2  3  4 |
---------------+-------------+-----
Maces & Flails | 3 4 5 |  5.9
Fighting       | |  2.0
Throwing       | |  1.7
Dodging        | |  2.6

Action                   |  1- 3 |  4- 6 || total
-------------------------+-------+-------++-------
Melee: Flail             |   113 |   145 ||   258
  Use: Scroll            |       |     6 ||     6
 Stab: Distracted        |     1 |       ||     1
  Eat: Chunk             |     2 |     4 ||     6
Armor: Leather armour    |    39 |    49 ||    88
Dodge: Dodged            |    97 |   126 ||   223

Table legend:
 A = Non-vault XP
 B = Vault XP
 C = Vault XP percentage of total XP
 D = Non-vault monster count
 E = Vault monster count
 F = Vault count percentage of total count
                 A         B        C        D         E       F
            +---------+---------+-------+---------+---------+-------
      Total |     277 |      36 |  11.5 |      67 |       1 |   1.5
            +---------+---------+-------+---------+---------+-------
        D:1 |      22 |       0 |   0.0 |      12 |       0 |   0.0
        D:2 |     115 |       0 |   0.0 |      33 |       0 |   0.0
        D:3 |      58 |       0 |   0.0 |      19 |       0 |   0.0
        D:4 |      82 |      36 |  30.5 |       3 |       1 |  25.0
            +---------+---------+-------+---------+---------+-------
